 Dungeon Crawl Stone Soup version 0.32-a0-422-g28b100f618 (webtiles) character file.

Game seed: 17081908912431646499

8 Bravepunisher the Ducker (level 2, -3/16 HPs)
             Began as a Spriggan Monk on Feb 21, 2024.
             Slain by an orc
             ... wielding a +0 hand axe
              (5 damage)
             ... on level 3 of the Dungeon.
             The game lasted 00:00:25 (197 turns).

Bravepunisher the Ducker (Spriggan Monk)             Turns: 197, Time: 00:00:26

Health: -3/16      AC:  2    Str:  7    XL:     2   Next: 0%
Magic:  3/3        EV: 19    Int: 11    God:
Gold:   27         SH:  0    Dex: 17    Spells: 1/1 levels left

rFire   . . .        a - +0 short sword
rCold   . . .        (no shield)
rNeg    . . .        b - +0 robe
rPois   .            (helmet restricted)
rElec   .            (no cloak)
rCorr   .            (gloves unavailable)
SInv    +            (boots unavailable)
Will    .....        (no amulet)
Stlth   ++           (no ring)
HPRegen 0.22/turn    (no ring)
MPRegen 0.08/turn

%: no passive effects
@: very quick
A: very small, no large weapons, unfitting armour, see invisible, speed 3
a: no special abilities


You were on level 3 of the Dungeon.
You visited 1 branch of the dungeon, and saw 3 of its levels.

You collected 27 gold pieces.

Inventory:

Hand Weapons
 a - a +0 short sword (weapon)
Armour
 b - a +0 robe (worn)
Potions
 c - a potion of ambrosia


   Skills:
 + Level 2.6 Fighting
 - Level 3.2 Short Blades
 * Level 4.5 Dodging


You had one spell level left.
You didn't know any spells.
Your spell library contained the following spells:

 Spells                   Type           Power      Damage    Failure   Level
 Manifold Assault         Tloc           0%         N/A       98%         4
 Dispersal                Tloc           0%         N/A       100%        6
 Disjunction              Tloc           0%         N/A       100%        8


Dungeon Overview and Level Annotations

Branches:
Dungeon (3/15)

Altars:


Innate Abilities, Weirdness & Mutations

You are very small and have problems with some larger weapons.
You are too small for most types of armour.
You have supernaturally acute eyesight. (SInv)
You cover ground extremely quickly. (Speed+++)


Message History

An orc comes into view. It is wielding a +0 dagger.
You open the door.
There is an open door here.
An orc comes into view. It is wielding a +0 short sword.
The orc shouts!
An orc comes into view. It is wielding a +0 flail.
You close the door.
The orc shouts!
An orc comes into view. It is wielding a +0 hand axe.
Found a dagger.
You hit the orc.
The orc is severely wounded.
The orc hits you with a +0 short sword.
You hit the orc but do no damage.
The orc is severely wounded.
The orc misses you.
You completely miss the orc.
The orc is severely wounded.
The orc misses you.
You hit the orc.
You kill the orc!
You hit the ball python.
You kill the ball python!
You have reached level 2!
Found 4 stones.
The orc hits you but does no damage. The orc barely misses you.
Things that are here:
a +0 short sword; a ball python corpse You hit the orc.
The orc is moderately wounded.
The orc misses you. The orc hits you with a +0 flail!
Ouch! That really hurt!
* * * LOW HITPOINT WARNING * * *
The orc barely misses you.
You barely miss the orc.
The orc is moderately wounded.
The orc barely misses you. The orc misses you. The orc closely misses you.
You barely miss the orc.
The orc is moderately wounded.
The orc hits you with a +0 hand axe.
You die...

... #.....+
....#.....#
o.o.o.o<..###.#
o.............#
..o..o....#####
.........B+..#
..........##.#
.##....S..##.#
#.......##@#
.........Booo+
..........o..#
..##.........
#....#....#
.(...#..).#
.... #....#
...# #.....


You could see a bombardier beetle and 4 orcs.

Vanquished Creatures
  An orc (D:3)
  A bat (D:2)
  An endoplasm (D:2)
  A ball python (D:3)
4 creatures vanquished.

Notes
Turn   | Place    | Note
-------+----------+-------------------------------------------
     0 | D:1      | Bravepunisher the Spriggan Monk began the quest for the
                  | Orb.
     0 | D:1      | Reached XP level 1. HP: 11/11 MP: 2/2
   180 | D:3      | Noticed a bombardier beetle
   194 | D:3      | Reached XP level 2. HP: 11/16 MP: 3/3
   197 | D:3      | Slain by an orc

Illustrated notes

Levels and vault maps discovered:
D:1:      lemuel_arrival_tunnels, layout_rooms, corexii_item_surrounded_by_moat,
          lexackson_kobold_supper
D:2:      layout_loops_ring, serial_rivers, chequers_serial_rivers_large_b,
          chequers_serial_rivers_room_b, chequers_serial_rivers_marsh,
          chequers_serial_rivers_micro_e
D:3:      layout_basic, kennysheep_generic_room_14

Action                     || total
---------------------------++-------
  Melee: Short sword       ||    14
 Armour: Robe              ||     4
  Dodge: Dodged            ||    11

Table legend: (Time is in decaauts)
 A = Elapsed time spent in this place.
 B = Non-inter-level travel time spent in this place.
 C = Inter-level travel time spent in this place.
 D = Time resting spent in this place.
 E = Time spent auto-exploring this place.
 F = Levels seen in this place.
 G = Mean time per level.
                   A        B        C        D        E       F      G
               +--------+--------+--------+--------+--------+-----+--------+
         Total |    133 |    133 |      0 |      0 |     93 |   3 |   44.3 |
       Dungeon |    133 |    133 |      0 |      0 |     93 |   3 |   44.3 |
               +--------+--------+--------+--------+--------+-----+--------+

Top non-repeatable levels by time:
     D:2: 69 daAuts
     D:1: 51 daAuts
     D:3: 13 daAuts
